[Event "Early-Titled-Tuesday-Blitz-July-09-2024"]
[Site "Chess.com"]
[Date "2024.07.09"]
[Round "3"]
[White "GMAkobianSTL"]
[Black "Oleg_Papayan"]
[Result "0-1"]
[WhiteElo "2826"]
[BlackElo "2578"]
[TimeControl "180+1"]
[EndTime "8:29:37 PDT"]
[Termination "Oleg_Papayan won by resignation"]

1. d4 d5 2. c4 dxc4 3. e3 Nf6 4.
Bxc4 e6 5. Nf3 a6 6. O-O c5 7.
dxc5 Bxc5 8. Qxd8+ Kxd8 9. a3 b5 10. Be2 Bb7 11. b4 Bd6 12. Bb2 Ke7 13. Nbd2 Nbd7 14.
Nb3 Rhc8 15. Rfc1 Bd5 16. Nfd2 Nb6 17. f3 Na4 18. Rxc8 Rxc8 19. Rc1 Rxc1+ 20. Bxc1 Be5 21. e4 Bxb3 22. Nxb3 Nd7 23. f4 Bb2 24. Bxb2 Nxb2 25. Kf2 Nb6 26. Na5 f6 27. Ke3 Kd6 28. Nb7+ Ke7 29.
Na5 e5 30. fxe5 fxe5 31. Kd2 Kd6 32. Kc2 N2a4 33. Bg4 h6 34. Bc8 Nxc8 35. Nb7+ Kc7 36. Na5 Nd6 37. Kd3 Nb7 38. Nb3 Nb2+ 39. Kc3 Nc4 40. a4 bxa4 41. Nc1 Ncd6 42. Kd3 Nd8 43. Na2 Nc6 44. g4 g5 45. h3 Kb6 0-1

[Event "Early-Titled-Tuesday-Blitz-July-09-2024"]
[Site "Chess.com"]
[Date "2024.07.09"]
[Round "3"]
[White "MVM2008"]
[Black "Volodar_Murzin"]
[Result "0-1"]
[WhiteElo "2525"]
[BlackElo "2983"]
[TimeControl "180+1"]
[EndTime "8:29:37 PDT"]
[Termination "Volodar_Murzin won by resignation"]

1. e4 c6 2. d4 d5 3. Nc3 g6 4.
Bf4 Bg7 5. e5 Nd7 6. e6 fxe6 7. Nf3 Qb6 8. Qd2 Ngf6 9. Bd3 Nh5 10. Bh6 O-O 11. O-O-O Rxf3 12. gxf3 Qxd4 13. Bxg7 Kxg7 14. Ne2 Qf6 15. Ng3 Nf4 16. Rdg1 Kh8 17. h4 Ne5 18. h5 g5 19. Be2 Nxe2+ 20. Qxe2 Nxf3 21. Rg2 e5 22. h6 Qf4+ 23. Kb1 Bg4 24. Ka1 Nd4 25. Qd3 Bf3 26. Nh5 Qe4 27. Qxe4 Bxe4 28. Rxg5 Nxc2+ 29. Kb1 Nd4+ 30. Kc1 Bxh1 31. Rg7 Nf5 32. Rf7 Nxh6 33. Rxe7 Rf8 34. f4 exf4 35. Kd2 f3 36. Ke1 f2+ 37. Kf1 Bg2+ 38. Kxg2 f1=Q+ 39. Kg3 Nf5+ 40. Kg4 0-1

[Event "Early-Titled-Tuesday-Blitz-July-09-2024"]
[Site "Chess.com"]
[Date "2024.07.09"]
[Round "3"]
[White "deribas12345"]
[Black "RCone"]
[Result "1/2-1/2"]
[WhiteElo "2633"]
[BlackElo "2428"]
[TimeControl "180+1"]
[EndTime "8:29:37 PDT"]
[Termination "Game drawn by repetition"]

1. d4 d6 2. c4 Nf6 3. Nc3 g6 4. e4 Bg7 5. Nge2 O-O 6. Ng3 e5 7. d5 c6 8. Be2 cxd5 9. cxd5 Na6 10. O-O Nc5 11. b4 Ncd7 12. Rb1 a5 13. a3 axb4 14.
axb4 Nb6 15. Be3 Bd7 16. f3 Rc8 17. Nb5 Bxb5 18. Bxb5 Nc4 19. Bf2 Na3 20. Qd3 Nxb1 21. Rxb1 Qc7 22. Nf1 Bh6 23. Ne3 Bxe3 24. Bxe3 Qc3 25.
Qe2 Qc2 26. Qf1 Nh5 27. g3 f5 28. Bd7 Rc3 29. Bh6 Ra8 30. Rc1 Qb3 31. Rb1 Qa3 32. exf5 Rxf3 33. Qc1 Rxg3+ 34. hxg3 Qxg3+ 35. Kh1 Qh4+ 36.
Kg1 Qg3+ 37. Kf1 Qf3+ 38. Kg1 Qg3+ 1/2-1/2

[Event "Early-Titled-Tuesday-Blitz-July-09-2024"]
[Site "Chess.com"]
[Date "2024.07.09"]
[Round "3"]
[White "coalescenet"]
[Black "AA95"]
[Result "1-0"]
[WhiteElo "2330"]
[BlackElo "2510"]
[TimeControl "180+1"]
[EndTime "8:29:38 PDT"]
[Termination "coalescenet won on time"]

1. d4 c6 2. c4 d5 3. cxd5 cxd5 4. Nf3 Nc6 5. Nc3 Nf6 6. Ne5 Bd7 7. Nxd7 Qxd7 8.
Bf4 a6 9. e3 e6 10. Bd3 Bb4 11.
O-O Bxc3 12. bxc3 O-O 13. c4 dxc4 14. Bxc4 b5 15. Be2 Rfe8 16. Bf3 Rad8 17. Qc1 Nd5 18. Bg3 Na5 19. Qa3 Nc4 20. Qd3 Rc8 21. Rfb1 Na3 22. Qxa3 Rc6 23. Rc1 Rec8 24. h4 b4 25. Qb2 a5 26. a3 Rxc1+ 27. Rxc1 Rxc1+ 28. Qxc1 b3 29. e4 Nb6 30. d5 Qb5 31. dxe6 b2 32. exf7+ Kxf7 33. Qb1 Nc4 34. e5 Nd2 35. Qf5+ Ke8 36. Qc8+ Kf7 37.
e6+ Kf6 38. Bc7 b1=Q+ 39. Kh2 Kg6 40. e7 1-0

[Event "Early-Titled-Tuesday-Blitz-July-09-2024"]
[Site "Chess.com"]
[Date "2024.07.09"]
[Round "3"]
[White "RobertoJBM"]
[Black "Trendle"]
[Result "0-1"]
[WhiteElo "2857"]
[BlackElo "2659"]
[TimeControl "180+1"]
[EndTime "8:29:39 PDT"]
[Termination "Trendle won on time"]

1. d4 f5 2. g3 Nf6 3. Bg2 g6 4. Nf3 Bg7 5. O-O O-O 6. c4 d6 7. Nc3 Nc6 8. d5 Na5 9. b3 c5 10. Bb2 h6 11. Qc2 a6 12. Nh4 Qe8 13. e4 f4 14. e5 Ng4 15. e6 Ne5 16. Be4 Rf6 17.
Kh1 g5 18. Nf5 f3 19. Nd1 Qh5 20. Bxe5 dxe5 21. Nxe7+ Kh8 22. Ne3 b6 23. d6 Bb7 24.
Bxb7 Nxb7 25. Qe4 Rb8 26. N3f5 Rxe6 27. Rad1 Nd8 28. Nc6 Nxc6 29. Qxc6 Qh3 30. Rg1 Qxf5 31. Qc7 Ree8 32. d7 Red8 33. Rd6 e4 34. Rgd1 e3 35.
fxe3 f2 36. Kg2 Rf8 37. Qc6 f1=Q+ 0-1

[Event "Early-Titled-Tuesday-Blitz-July-09-2024"]
[Site "Chess.com"]
[Date "2024.07.09"]
[Round "3"]
[White "jasrom"]
[Black "Zurability"]
[Result "1-0"]
[WhiteElo "2348"]
[BlackElo "2686"]
[TimeControl "180+1"]
[EndTime "8:29:42 PDT"]
[Termination "jasrom won by checkmate"]

1. e4 c5 2. Nc3 Nc6 3. f4 e6 4. Nf3 a6 5. g3 d5 6. d3 Nf6 7.
Qe2 dxe4 8. dxe4 b5 9. Bg2 Bb7 10. O-O b4 11. Nd1 Be7 12. Nf2 O-O 13. Rd1 Qb6 14.
Be3 a5 15. g4 Ba6 16. Qe1 Rfd8 17. g5 Nh5 18. Ng4 Nd4 19. Qf2 Ne2+ 20. Kh1 Nexf4 21. Nfe5 Bxg5 22. Bxc5 Qc7 23. Bb6 Qb7 24. Bxd8 Bxd8 25. Rd7 Qb5 26. Rxf7 Bb6 27. Qf3 Nxg2 28. Qxg2 Bd4 29.
Nh6+ Kh8 30. Nd7 gxh6 31. Re1 Qg5 32. Qf3 Ng7 33. Rf8+ Rxf8 34. Qxf8# 1-0

[Event "Early-Titled-Tuesday-Blitz-July-09-2024"]
[Site "Chess.com"]
[Date "2024.07.09"]
[Round "3"]
[White "KnightmareJoker"]
[Black "Flaccidmoves"]
[Result "0-1"]
[WhiteElo "2324"]
[BlackElo "2577"]
[TimeControl "180+1"]
[EndTime "8:29:42 PDT"]
[Termination "Flaccidmoves won by checkmate"]

1. e4 Nf6 2. Nc3 d5 3. e5 Ne4 4.
d4 Nxc3 5. bxc3 c5 6. Nf3 Nc6 7. Bd3 Bg4 8. h3 Bxf3 9. gxf3 e6 10. Be3 Qa5 11. Bd2 Qa4 12. Rb1 c4 13. Be2 b5 14. Rb2 Ba3 15. Rb1 a5 16. f4 g6 17.
h4 h5 18. Rb3 Be7 19. Qb1 b4 20. Rb2 O-O 21. Rh3 Rab8 22. Bxh5 gxh5 23. Ke2 bxc3 24. Qg1+ Kh8 25. Rxb8 Nxd4+ 26. Kd1 Qxc2+ 27. Ke1 Qxd2+ 28.
Kf1 Rxb8 29. Kg2 Rg8+ 30. Rg3 Rxg3+ 31. Kxg3 Nf5+ 32. Kh2 Bxh4 33. Kh1 Qxf2 34. Qxf2 Bxf2 35. Kg2 Be3 36. Kf3 c2 37. a4 c1=Q 38. Ke2 Qd2+ 39. Kf1 Qf2# 0-1

[Event "Early-Titled-Tuesday-Blitz-July-09-2024"]
[Site "Chess.com"]
[Date "2024.07.09"]
[Round "3"]
[White "woodpusher52"]
[Black "Oleksandr_Bortnyk"]
[Result "0-1"]
[WhiteElo "2753"]
[BlackElo "3078"]
[TimeControl "180+1"]
[EndTime "8:29:43 PDT"]
[Termination "Oleksandr_Bortnyk won by resignation"]

1. e4 Nf6 2. Nc3 d5 3. exd5 Nxd5 4. Bc4 Nb6 5. Bb3 c5 6. Qh5 c4 7. Bxc4 Nxc4 8. Qb5+ Nc6 9. Qxc4 Be6 10. Qa4 g6 11.
Nf3 Bg7 12. O-O O-O 13. d3 a6 14. Qh4 h5 15. h3 Rc8 16. Re1 b5 17. a3 Nd4 18. Nxd4 Qxd4 19. Qxd4 Bxd4 20. Bd2 Rfd8 21. Re2 Rd7 22. Rae1 Bf6 23. Kh2 Rc6 24. g3 Rb7 25. Bc1 Rbc7 26. Bd2 Rb7 27. Bc1 Bxc3 28. bxc3 Rxc3 29. Bb2 Rc8 30. Rd2 a5 31. Rc1 b4 32.
axb4 axb4 33. Kg2 Rbc7 34. h4 Bb3 35. cxb3 Rxc1 36. Bxc1 Rxc1 37. Re2 Rc3 38. Re4 Rxb3 39. Rc4 Kg7 40. Kf1 Rb2 41. Kg2 Rb3 42. Kf1 Rb2 43. Kg2 Kf6 44. Kf3 Ke5 45. Ke3 b3 46. Rc5+ Kd6 47.
Rb5 Rb1 48. Ke2 b2 49. Rb8 e5 50. Rb3 Ke6 51. Rb5 Kf6 52. Rb6+ Kf5 53. Rb4 f6 54. Rb3 Kg4 55. Rb4+ Kh3 56. Rb6 Kg2 57. Rb4 Rf1 58. Rxb2 Rxf2+ 59. Ke3 Rxb2 0-1

[Event "Early-Titled-Tuesday-Blitz-July-09-2024"]
[Site "Chess.com"]
[Date "2024.07.09"]
[Round "3"]
[White "gafkens"]
[Black "pouya21"]
[Result "0-1"]
[WhiteElo "2650"]
[BlackElo "2875"]
[TimeControl "180+1"]
[EndTime "8:29:43 PDT"]
[Termination "pouya21 won by resignation"]

1. e4 Nc6 2. d3 d5 3. Nd2 g6 4. g3 Bg7 5. Bg2 dxe4 6. dxe4 Nf6 7. Ngf3 O-O 8. O-O Nd7 9. Qe2 b6 10.
Rd1 e6 11. c3 a5 12. Qe3 Nc5 13. Bf1 Bb7 14. Be2 Qe7 15. b3 Rfd8 16. Ba3 a4 17. b4 Nd7 18. Nc4 b5 19. Nb2 Ba6 20.
Nd3 Rab8 21. Rac1 Nce5 22. Nfxe5 Nxe5 23. Nc5 Rxd1+ 24. Rxd1 Bc8 25. f4 Nc4 26. Bxc4 bxc4 27. e5 Bf8 28. Rd4 Qe8 29. Ne4 Be7 30. Nf6+ Bxf6 31.
exf6 Bb7 32. Qd2 Bd5 33. g4 Qd8 34. g5 Qe8 35. Qe1 c6 36. Qh4 h5 37. gxh6 Kh7 38. Qg5 c5 39. Rxd5 exd5 40. Qxd5 Qe1+ 41. Kg2 Qe2+ 42. Kg1 Qe3+ 43. Kg2 Rf8 44. Qxc5 Qe2+ 45. Kg1 Rd8 0-1

[Event "Early-Titled-Tuesday-Blitz-July-09-2024"]
[Site "Chess.com"]
[Date "2024.07.09"]
[Round "3"]
[White "FoggyMorning"]
[Black "Mattheii"]
[Result "0-1"]
[WhiteElo "2658"]
[BlackElo "2466"]
[TimeControl "180+1"]
[EndTime "8:29:43 PDT"]
[Termination "Mattheii won by resignation"]

1. e4 e5 2. Nf3 Nc6 3. Bc4 Bc5 4. c3 Nf6 5. d4 exd4 6. b4 Bb6 7. e5 d5 8. exf6 dxc4 9. b5 Na5 10. Qe2+ Be6 11.
fxg7 Rg8 12. Nxd4 Qd5 13. Nxe6 fxe6 14. O-O Rxg7 15. g3 O-O-O 16. Re1 h5 17. Be3 Qxb5 18. Na3 Qa4 19. Nc2 Bxe3 20. Nxe3 h4 21. Rad1 Rxd1 22.
Rxd1 hxg3 23. hxg3 Rd7 24. Rxd7 Qxd7 25. Nxc4 Nc6 26.
Ne5 Nxe5 27. Qxe5 b5 28. Kg2 Qd5+ 29. Qxd5 exd5 30. Kf3 Kd7 31. Ke3 c5 32. f4 a5 33. f5 b4 34. cxb4 cxb4 35. g4 a4 36. g5 b3 37. axb3 a3 38. g6 Ke7 0-1

[Event "Early-Titled-Tuesday-Blitz-July-09-2024"]
[Site "Chess.com"]
[Date "2024.07.09"]
[Round "3"]
[White "FormerProdigy"]
[Black "Individoom"]
[Result "1/2-1/2"]
[WhiteElo "2982"]
[BlackElo "2737"]
[TimeControl "180+1"]
[EndTime "8:29:44 PDT"]
[Termination "Game drawn by repetition"]

1. c4 Nf6 2. Nf3 g6 3. b3 Bg7 4. Bb2 O-O 5. g3 d6 6. d4 e5 7.
dxe5 Ng4 8. Bg2 Nd7 9. Qd2 Ngxe5 10. Nc3 Re8 11. O-O Nxf3+ 12. Bxf3 h5 13. h4 Ne5 14.
Bg2 Rb8 15. Rad1 Be6 16. Ne4 Bf5 17. Ng5 b6 18. Rfe1 a5 19. Nh3 Bxh3 20. Bxh3 Qe7 21. Qc2 Ng4 22. Bxg7 Kxg7 23. Bxg4 hxg4 24. Rd4 f5 25. e3 Qf6 26. Rd5 Re7 27. Red1 Rbe8 28. a3 Re5 29. b4 axb4 30. axb4 Rxd5 31. cxd5 Re7 32. Rd4 Qe5 33. Kg2 Kf7 34. Qc6 Kg7 35. b5 Kf7 36. Qb7 Kg7 37. Rc4 Kh6 38. Qa8 Qg7 39.
Qd8 Qf7 40. Qh8+ Qh7 41. Qf6 Qf7 42. Qg5+ Kh7 43. Rd4 Re5 44. h5 gxh5 45. Kg1 Rxd5 46. Rxd5 Qxd5 47. Qe7+ Kg6 48. Qxc7 Qxb5 49. Qxd6+ Kg7 50.
Qe7+ Kg6 51. Qe6+ Kg7 52. Qe7+ Kg6 53. Qe6+ Kg7 54. Qe7+ 1/2-1/2

[Event "Early-Titled-Tuesday-Blitz-July-09-2024"]
[Site "Chess.com"]
[Date "2024.07.09"]
[Round "3"]
[White "Veleamater"]
[Black "Kildepiotr"]
[Result "0-1"]
[WhiteElo "2409"]
[BlackElo "2692"]
[TimeControl "180+1"]
[EndTime "8:29:44 PDT"]
[Termination "Kildepiotr won on time"]

1. g3 d5 2. Bg2 Nf6 3. h3 g6 4. d3 Bg7 5. Nf3 O-O 6. O-O Nbd7 7. Nc3 e5 8. e4 dxe4 9. dxe4 c6 10. Be3 Qe7 11. Nd2 b5 12. a3 Nc5 13. f4 Rd8 14.
Qf3 Ne6 15. Qf2 Nd4 16. Nb3 Nxb3 17. cxb3 Be6 18. b4 Bc4 19. Rfe1 Nh5 20. Bc5 Qc7 21.
f5 Bh6 22. Rad1 Bb3 23. Rxd8+ Rxd8 24. Be3 Bxe3 25. Qxe3 Qb6 26. Kf2 Rd2+ 27. Re2 Rd3 28. Qxb6 axb6 29. Re3 Rxe3 30. Kxe3 Nxg3 31. fxg6 hxg6 32.
Bf3 Be6 33. Bg4 f5 34. exf5 gxf5 35. Bf3 Bd7 36. Kf2 f4 37. h4 Kg7 38. a4 bxa4 39. Nxa4 b5 40. Nc5 Be8 41. Ne6+ Kf6 42. Nd8 e4 43.
Bg4 Ke5 44. Nb7 e3+ 45. Kf3 Bf7 46. Kg2 Bd5+ 47. Kg1 f3 48. Bxf3 Bxf3 49. Nc5 Ne4 50.
Nd3+ Kd4 51. Ne1 Bg4 52. Kh2 e2 53. Kg2 Ke3 54. Kg1 Kd2 55. Ng2 Bf3 0-1

[Event "Early-Titled-Tuesday-Blitz-July-09-2024"]
[Site "Chess.com"]
[Date "2024.07.09"]
[Round "3"]
[White "Renatoforf"]
[Black "EvilMorty23"]
[Result "1-0"]
[WhiteElo "2130"]
[BlackElo "2385"]
[TimeControl "180+1"]
[EndTime "8:29:45 PDT"]
[Termination "Renatoforf won by checkmate"]

1. e4 e6 2. d4 d5 3. e5 c5 4. c3 Nc6 5. Nf3 Qb6 6. Na3 cxd4 7. cxd4 Bb4+ 8. Bd2 Nxd4 9. Nxd4 Qxd4 10. Qa4+ Bd7 11. Qxb4 Qxe5+ 12. Be3 Nf6 13. Nb5 Ne4 14. Bd4 Qf4 15. f3 Qh4+ 16. g3 Nxg3 17.
Nd6+ Kd8 18. hxg3 Qxg3+ 19. Bf2 Qe5+ 20. Be2 Qf6 21. Nxb7+ Ke8 22. Nd6+ Kd8 23. O-O-O Bc6 24. Kb1 Kd7 25. Nb5 Qe5 26. Bd4 Qf4 27. Qd2 Qb8 28. Nc3 f6 29. f4 Qd6 30. Rhg1 Rhg8 31. Bg4 Rab8 32. Qe2 f5 33. Bf3 g6 34. Be5 Qb4 35. Rd4 Qc5 36. Rgd1 Ke7 37. Nxd5+ Bxd5 38. Bxd5 Rb6 39. Bb3 Rb7 40. Bd6+ Qxd6 41. Rxd6 Kf7 42. Qxe6+ Kg7 43. Rd7+ Rxd7 44. Rxd7+ Kh6 45. Qf6 Rg7 46. Qh4# 1-0

[Event "Early-Titled-Tuesday-Blitz-July-09-2024"]
[Site "Chess.com"]
[Date "2024.07.09"]
[Round "3"]
[White "KogotBobra17"]
[Black "isla88"]
[Result "1-0"]
[WhiteElo "2659"]
[BlackElo "2430"]
[TimeControl "180+1"]
[EndTime "8:29:47 PDT"]
[Termination "KogotBobra17 won by resignation"]

1. f4 g6 2. Nf3 Bg7 3. g3 b6 4.
Bg2 Bb7 5. O-O d6 6. d3 Nd7 7. Nc3 e5 8. e4 Ne7 9. Kh1 O-O 10. Be3 exf4 11. gxf4 d5 12. Qe2 Nc5 13. Bxc5 bxc5 14. f5 dxe4 15. dxe4 gxf5 16. exf5 Nxf5 17. Rad1 Qe7 18. Qf2 Rad8 19. Rde1 Qd7 20. Ng5 Bxg2+ 21. Qxg2 Nh4 22. Qg3 Qc6+ 23. Nce4 Ng6 24. Rf5 Rd5 25. Rxd5 Qxd5 26. Kg1 h6 27. Nf3 Kh7 28. Qxc7 Bd4+ 29.
Kh1 Qf5 30. Qg3 Nf4 31. Nh4 Qe5 32. c3 Rg8 33. cxd4 cxd4 34. Qf3 f5 35. Ng5+ Rxg5 36.
Rxe5 Rg4 37. Nxf5 Nh3 38. Qxh3 1-0

[Event "Early-Titled-Tuesday-Blitz-July-09-2024"]
[Site "Chess.com"]
[Date "2024.07.09"]
[Round "3"]
[White "DanLowinger"]
[Black "BardArtem"]
[Result "0-1"]
[WhiteElo "2420"]
[BlackElo "2818"]
[TimeControl "180+1"]
[EndTime "8:29:47 PDT"]
[Termination "BardArtem won on time"]

1. e4 e5 2. Nf3 Nc6 3. Bc4 Bc5 4. c3 Nf6 5. d3 h6 6. a4 a6 7. O-O d6 8. Nbd2 O-O 9. Bb3 Re8 10. h3 Be6 11.
Bc2 d5 12. exd5 Bxd5 13. Re1 Qe7 14. d4 Bd6 15. dxe5 Nxe5 16. Nxe5 Bxe5 17. Re3 Rad8 18. Qe2 Qd6 19. Nc4 Bxc4 20. Qxc4 Nd5 21. Re4 Nb6 22. Qe2 Bh2+ 23. Kh1 Rxe4 24. Qxe4 Be5 25. Be3 Nd5 26. Rd1 b5 27. axb5 axb5 28. Qh7+ Kf8 29. b4 Qe6 30. Bc5+ Bd6 31. Qh8+ Ke7 32. Qxg7 Bxc5 33. bxc5 Nf4 34. Rxd8 Kxd8 35. Qf8+ Qe8 0-1

[Event "Early-Titled-Tuesday-Blitz-July-09-2024"]
[Site "Chess.com"]
[Date "2024.07.09"]
[Round "3"]
[White "MaxLeto"]
[Black "mind1mover"]
[Result "0-1"]
[WhiteElo "2502"]
[BlackElo "2809"]
[TimeControl "180+1"]
[EndTime "8:29:48 PDT"]
[Termination "mind1mover won by checkmate"]

1. e4 e5 2. Nf3 Nc6 3. Bb5 a6 4.
Ba4 Nf6 5. O-O Be7 6. Re1 b5 7. Bb3 d6 8. c3 O-O 9. h3 a5 10. d4 a4 11. Bc2 Bd7 12. Nbd2 Re8 13. Nf1 h6 14. Ng3 Bf8 15. Be3 a3 16. b3 exd4 17.
Nxd4 d5 18. Nxb5 dxe4 19. Bf4 Ne5 20. Nd4 c5 21. Ndf5 Ra6 22. Qe2 Rae6 23. Rad1 Nd3 24. Bxd3 exd3 25. Qd2 Nd5 26. Kf1 Rxe1+ 27. Rxe1 Rxe1+ 28. Kxe1 Bxf5 29. Nxf5 Qf6 30. g4 Qxc3 31. Be3 Qa1+ 32.
Qd1 Qxa2 33. Qxd3 Qa1+ 34. Ke2 Nc3+ 35. Kf3 a2 36. Kg2 Qd1 37. Qxc3 a1=Q 38. Nxh6+ gxh6 39. Qc4 Qh1+ 40. Kg3 Qaf1 41. Kh4 Qfxh3# 0-1

[Event "Early-Titled-Tuesday-Blitz-July-09-2024"]
[Site "Chess.com"]
[Date "2024.07.09"]
[Round "3"]
[White "GAO"]
[Black "Ranindu2003"]
[Result "0-1"]
[WhiteElo "2452"]
[BlackElo "2676"]
[TimeControl "180+1"]
[EndTime "8:29:48 PDT"]
[Termination "Ranindu2003 won by checkmate"]

1. e4 c5 2. Nf3 Nc6 3. Bb5 g6 4. O-O Bg7 5. Re1 Nf6 6. c3 O-O 7. h3 e5 8. a4 d6 9. Na3 a6 10. Bc4 Nh5 11. d3 Be6 12. Bxe6 fxe6 13. Qb3 Qe7 14.
Nc4 Rxf3 15. gxf3 Rf8 16. Kg2 d5 17. Nb6 d4 18. Bd2 Bf6 19. Rg1 Bh4 20. Bh6 Rf6 21.
Bd2 Qf7 22. Qd1 g5 23. Nc4 h6 24. b4 dxc3 25. Bxc3 Nf4+ 26. Kh2 Bxf2 27. Rg4 Bd4 28. b5 Bxc3 29. bxc6 Bxa1 30. Qxa1 bxc6 31. Qxe5 Ng6 32. Qb8+ Kh7 33. Ne5 Nxe5 34. Qxe5 Rxf3 35. Rg2 Rxd3 36.
Qxc5 Qf4+ 37. Kh1 Rd1+ 38. Rg1 Qf3+ 39. Kh2 Rd2+ 40. Rg2 Rxg2+ 41. Kh1 Rg3+ 42. Kh2 Qg2# 0-1

[Event "Early-Titled-Tuesday-Blitz-July-09-2024"]
[Site "Chess.com"]
[Date "2024.07.09"]
[Round "3"]
[White "Rile-Man"]
[Black "Kopytkin"]
[Result "1-0"]
[WhiteElo "2648"]
[BlackElo "2420"]
[TimeControl "180+1"]
[EndTime "8:29:48 PDT"]
[Termination "Rile-Man won on time"]

1. d4 Nf6 2. Bf4 c5 3. e3 cxd4 4. exd4 d5 5. Bd3 Nc6 6. c3 Bg4 7. Qb3 Na5 8. Qa4+ Nc6 9. Nd2 a6 10. Ngf3 b5 11. Qc2 Bxf3 12. Nxf3 e6 13. O-O Rc8 14.
Qe2 Be7 15. a4 bxa4 16. Bxa6 O-O 17. Bxc8 Qxc8 18. Rxa4 Qb7 19. Qa6 Qd7 20. Ne5 Nxe5 21.
Bxe5 Ne4 22. Bf4 g5 23. Be3 g4 24. Ra2 Bd6 25. f3 Bxh2+ 26. Kxh2 g3+ 27. Kg1 Qe7 28.
fxe4 Qh4 29. Rf4 Qh2+ 30. Kf1 Qh1+ 31. Bg1 Qh6 32. Rg4+ Kh8 33. Rxg3 Qc1+ 34. Kf2 dxe4 35. Qe2 f5 36. Ra7 f4 37. Rgg7 e3+ 38. Kf3 Rb8 39. Rxh7+ Kg8 40. Rag7+ Kf8 41. Rb7 1-0

[Event "Early-Titled-Tuesday-Blitz-July-09-2024"]
[Site "Chess.com"]
[Date "2024.07.09"]
[Round "3"]
[White "rdarruda"]
[Black "santig8"]
[Result "1-0"]
[WhiteElo "2558"]
[BlackElo "2290"]
[TimeControl "180+1"]
[EndTime "8:29:48 PDT"]
[Termination "rdarruda won by resignation"]

1. Nf3 Nf6 2. d4 d6 3. Nc3 Bf5 4. Nh4 Be4 5. Nxe4 Nxe4 6. Qd3 Nf6 7. e4 Nbd7 8. f4 e5 9. Nf3 exd4 10. Qxd4 d5 11. e5 Bc5 12. Qd3 Ne4 13. Be3 Bxe3 14. Qxe3 c6 15. Bd3 Qa5+ 16. c3 Nxc3 17. Qd2 Nc5 18.
bxc3 Na4 19. Rc1 Qc5 20. Nd4 b5 21. Nb3 Qb6 22. Qf2 c5 23. Be2 b4 24. c4 d4 25. O-O Nc3 26. Bd3 Nxa2 27. Qxa2 a5 28. Qa4+ Ke7 29. Qb5 Qxb5 30. cxb5 a4 31. Nxc5 a3 32.
Rc4 a2 33. Ra1 Rhc8 34. b6 Ra3 35. Rxb4 Rc3 36. b7 Rb8 37. Bc4 d3 38. Nxd3 Kd7 39.
Rxa2 Kc6 40. Ra6+ Kc7 41. Ra7 Rc2 42. Ba6 Kd7 43. Ra8 Kc7 44. Rxb8 Kxb8 45. Rc4 Rxc4 46.
Bxc4 Kxb7 47. Bxf7 Kc6 48. f5 1-0

[Event "Early-Titled-Tuesday-Blitz-July-09-2024"]
[Site "Chess.com"]
[Date "2024.07.09"]
[Round "3"]
[White "Barmen_EV"]
[Black "Chesstiger64"]
[Result "1-0"]
[WhiteElo "2540"]
[BlackElo "2367"]
[TimeControl "180+1"]
[EndTime "8:29:49 PDT"]
[Termination "Barmen_EV won on time"]

1. e4 c5 2. c3 Nf6 3. e5 Nd5 4. d4 cxd4 5. Nf3 Nc6 6. cxd4 d6 7. Bc4 Nb6 8. Bxf7+ Kxf7 9. e6+ Kg8 10. d5 Ne5 11. Nc3 Qe8 12. O-O Qh5 13. Bf4 Nxf3+ 14. gxf3 g5 15. Bg3 Bg7 16. a4 Nc4 17. Ne4 b6 18.
Rc1 Ne5 19. Kg2 Ba6 20. Re1 Rf8 21. Bxe5 Bxe5 22. h3 h6 23. Rc7 Rh7 24. Rxa7 Bc4 25. Re3 Qh4 26. b3 Bxd5 27. Qxd5 Qf4 28. Ng3 h5 29.
Rxe5 dxe5 30. Qe4 Qf6 31. b4 g4 32. hxg4 h4 33. Nf5 h3+ 34. Kh2 Rd8 35. a5 Qxe6 36.
axb6 Qxb6 37. Nxe7+ Rxe7 38. Rxe7 Qxf2+ 39. Kxh3 1-0

[Event "Early-Titled-Tuesday-Blitz-July-09-2024"]
[Site "Chess.com"]
[Date "2024.07.09"]
[Round "3"]
[White "Schack-Hugo"]
[Black "Fandorine"]
[Result "1-0"]
[WhiteElo "2536"]
[BlackElo "2907"]
[TimeControl "180+1"]
[EndTime "8:29:50 PDT"]
[Termination "Schack-Hugo won by resignation"]

1. Nf3 Nf6 2. b3 c5 3. Bb2 d5 4. g3 g6 5. Bg2 h5 6. O-O Nc6 7. d4 cxd4 8. Nxd4 h4 9. c4 hxg3 10. fxg3 Bh3 11. Nxc6 bxc6 12. cxd5 Bxg2 13. Kxg2 Qd7 14.
h4 Rxh4 15. gxh4 Qg4+ 16. Kf2 Qxh4+ 17. Kg2 Qg4+ 18. Kh2 Nxd5 19. Qd4 Qxe2+ 20. Rf2 Qh5+ 21. Kg2 Bh6 22. Nc3 O-O-O 23. Nxd5 Rxd5 24. Qe4 Kd7 25. Qf3 Qxf3+ 26. Kxf3 f5 27. Re2 g5 28. Rae1 g4+ 29.
Kg2 Bg5 30. Re5 Rd2+ 31. R1e2 Rxe2+ 32. Rxe2 f4 33. Re4 e6 34. Be5 f3+ 35. Kg3 c5 36. Bf4 Bxf4+ 37. Rxf4 e5 38. Rxg4 e4 39. Rxe4 1-0

[Event "Early-Titled-Tuesday-Blitz-July-09-2024"]
[Site "Chess.com"]
[Date "2024.07.09"]
[Round "3"]
[White "twofoxniel"]
[Black "Bkmzzzzz"]
[Result "1/2-1/2"]
[WhiteElo "2636"]
[BlackElo "2428"]
[TimeControl "180+1"]
[EndTime "8:29:50 PDT"]
[Termination "Game drawn by repetition"]

1. e4 d6 2. d4 Nf6 3. Nc3 e5 4. Nf3 Nbd7 5. Bc4 Be7 6. O-O O-O 7.
a4 c6 8. a5 Rb8 9. Bg5 b5 10.
axb6 axb6 11. Re1 b5 12. Bb3 h6 13. Bh4 Qc7 14. Qe2 Re8 15. Rad1 exd4 16. Nxd4 Nc5 17. f3 Nxb3 18. Nxb3 Nd7 19. Bxe7 Rxe7 20. Qd2 Re6 21. Nd4 Rg6 22. Nf5 Ne5 23. Kh1 Bxf5 24. exf5 Rf6 25. Ne4 Rxf5 26. Nxd6 Rh5 27. h3 Rd8 28. Qb4 Ng6 29.
Ne4 Rhd5 30. Rxd5 Rxd5 31. c4 Rd4 32. b3 bxc4 33. bxc4 Nf4 34. Qc5 Rd8 35. Qf5 Rd4 36. c5 Rd5 37. Qg4 Kh7 38. Qg3 Ne6 39. Qxc7 Nxc7 40. Rb1 Ne6 41. Rb6 Nxc5 42. Rxc6 Nxe4 43. fxe4 Re5 44. Rc4 f5 45. exf5 Rxf5 46. Kh2 Rf6 47. g4 Re6 48. Kg2 Rf6 49. Kg3 Ra6 50. Rc3 Ra5 51.
h4 Rb5 52. Rd3 Ra5 53. Rf3 Rb5 54. Rf5 Rb3+ 55. Kf4 Rb4+ 56. Kf3 Rb3+ 57. Kf4 Rb4+ 58. Kg3 Rb3+ 59. Rf3 Rb5 60. h5 Rb4 61. Rf5 Ra4 62.
Re5 Rb4 63. Rd5 Ra4 64. Rd8 Rb4 65. Kh4 Ra4 66. Rd6 Rb4 67. Rg6 Ra4 68. Kg3 Ra3+ 69. Kh4 Ra4 70. Kg3 Ra3+ 71. Kh4 Ra4 1/2-1/2

[Event "Early-Titled-Tuesday-Blitz-July-09-2024"]
[Site "Chess.com"]
[Date "2024.07.09"]
[Round "3"]
[White "Truequitos"]
[Black "yonaltimur"]
[Result "1-0"]
[WhiteElo "2544"]
[BlackElo "2246"]
[TimeControl "180+1"]
[EndTime "8:29:50 PDT"]
[Termination "Truequitos won on time"]

1. Nf3 d5 2. g3 Nf6 3. Bg2 g6 4. O-O Bg7 5. d3 O-O 6. Nbd2 c5 7. e4 Nc6 8. Qe2 e5 9. Re1 d4 10. a4 Qc7 11. Nc4 b6 12. Bg5 h6 13. Bd2 Be6 14.
b3 Ne8 15. Nh4 Nd6 16. f4 Nxc4 17. bxc4 Kh7 18. f5 Bd7 19. Rf1 g5 20. f6 gxh4 21. fxg7 Kxg7 22. Qh5 Qd6 23. Qxh4 Ne7 24. Bxh6+ Qxh6 25. Qxe7 Be6 26. Qc7 Qg5 27. Rf3 Rfc8 28. h4 Rxc7 29.
hxg5 Rh8 30. a5 Rb8 31. Rff1 bxa5 32. Rxa5 Rb2 33. Rc1 Kg6 34. Bf3 Kxg5 35. Bd1 Bg4 36. Bxg4 Kxg4 37. Kf2 f6 38. Ra6 Rh7 39. Kg2 Rh3 40.
Rxf6 Rxg3+ 41. Kf2 Rh3 42. Rg6+ Kh5 43. Rg2 1-0

[Event "Early-Titled-Tuesday-Blitz-July-09-2024"]
[Site "Chess.com"]
[Date "2024.07.09"]
[Round "3"]
[White "Seochesspie"]
[Black "JordanLoyd2020"]
[Result "1-0"]
[WhiteElo "2868"]
[BlackElo "2511"]
[TimeControl "180+1"]
[EndTime "8:29:51 PDT"]
[Termination "Seochesspie won by resignation"]

1. e4 c5 2. Nf3 Nc6 3. Bb5 g6 4. Bxc6 dxc6 5. O-O Bg7 6. d3 Nf6 7. Nc3 O-O 8. Be3 b6 9. h3 Ne8 10. Qd2 Nc7 11. Bh6 Ne6 12. Bxg7 Kxg7 13. a4 a5 14. Rfe1 Qc7 15. Ne2 Rd8 16. Qe3 Ba6 17.
b3 Rd7 18. h4 Rad8 19. Ng5 Nd4 20. Nxd4 cxd4 21. Qf3 e5 22. Qg3 h6 23. Nf3 Re8 24. Rf1 Bc8 25. Nh2 Rd6 26. f4 exf4 27.
Qxf4 Qe7 28. Rae1 Rf6 29. Qg3 c5 30. Rxf6 Qxf6 31. Rf1 Qe5 32. Qf3 Re7 33. Ng4 Bxg4 34. Qxg4 Re6 35. Rf4 Rf6 36. g3 Qe6 37. Qf3 Rxf4 38.
gxf4 Qf6 39. Qg3 h5 40. Kf2 Qc6 41. f5 Kh7 42. Qg5 Qd6 43. Kf3 Qh2 44. fxg6+ fxg6 45. Qe7+ Kh6 46. Qg5+ Kh7 47. Qg3 Qxc2 48. Kf4 Qxb3 49. Ke5 Qf7 50. Kd6 Qe8 51. e5 Qd8+ 52. Kc6 Qe8+ 53. Kxb6 Qxa4 54. e6 Qe8 55. Qc7+ Kh6 56. e7 a4 57. Qd8 Qf7 58. e8=Q 1-0